 Dungeon Crawl Stone Soup version 0.28-a0-909-g796cbd3a86 (webtiles) character file.

Game seed: 16107956430555597296

1204 Ijustatesigmund the Shield-Bearer (level 8, -11/67 HPs)
             Began as a Gnoll Fighter on Nov 25, 2021.
             Mangled by a manticore (15 damage)
             ... on level 6 of the Dungeon.
             The game lasted 00:10:56 (5364 turns).

Ijustatesigmund the Shield-Bearer (Gnoll Fighter)   Turns: 5364, Time: 00:10:57

Health: -11/67     AC:  9    Str: 16    XL:     8   Next: 45%
Magic:  12/12      EV: 12    Int: 11    God:
Gold:   774        SH:  5    Dex: 12    Spells: 13/13 levels left

rFire   + . .      SeeInvis +   a - +0 war axe (chaos)
rCold   . . .      Faith    .   c - +0 buckler
rNeg    . . .      Spirit   .   b - +0 steam dragon scales
rPois   .          Reflect  .   k - +2 helmet {SInv}
rElec   .          Harm     .   j - scarf {repulsion}
rCorr   .          Rampage  .   (no gloves)
Will    .....                   i - +1 pair of boots
Stlth   ++........              (no amulet)
HPRegen 0.21/turn               s - ring of protection from fire
MPRegen 0.13/turn               (no ring)

@: mighty, corroded, repel missiles
A: fangs 1, strong nose, distributed training, clever 1, shaggy fur 1, sturdy
frame 1
a: no special abilities


You were on level 6 of the Dungeon.
You visited 1 branch of the dungeon, and saw 6 of its levels.

You collected 774 gold pieces.

Inventory:

Hand Weapons
 a - a +0 war axe of chaos (weapon)
Missiles
 h - a throwing net
 l - 2 javelins (quivered)
Armour
 b - +0 steam dragon scales (worn)
 c - a +0 buckler (worn)
 i - a +1 pair of boots (worn)
 j - a scarf of repulsion (worn)
 k - a +2 helmet of see invisible (worn)
Jewellery
 r - an amulet of magic regeneration
 s - a ring of protection from fire (left hand)
Wands
 d - a wand of flame (7)
 m - a wand of paralysis (1)
 p - a wand of iceblast (14)
 u - a wand of polymorph (5)
Scrolls
 n - 3 scrolls of immolation
 o - 3 scrolls of identify
Potions
 e - 3 potions of curing
 f - a potion of brilliance
 g - 3 potions of ambrosia
 q - a potion of flight
 w - a potion of attraction


   Skills:
 + Level 7.4 Fighting
 + Level 3.3 Short Blades
 + Level 3.3 Long Blades
 + Level 5.7 Axes
 + Level 3.3 Maces & Flails
 + Level 3.3 Polearms
 + Level 3.3 Staves
 + Level 3.3 Slings
 + Level 3.3 Bows
 + Level 3.3 Crossbows
 + Level 3.3 Throwing
 + Level 7.4 Armour
 + Level 3.3 Dodging
 + Level 3.3 Stealth
 + Level 7.4 Shields
 + Level 3.3 Unarmed Combat
 + Level 3.3 Spellcasting
 + Level 2.6 Conjurations
 + Level 2.6 Hexes
 + Level 2.6 Summonings
 + Level 2.6 Necromancy
 + Level 2.6 Translocations
 + Level 2.6 Transmutations
 + Level 2.6 Fire Magic
 + Level 2.6 Ice Magic
 + Level 2.6 Air Magic
 + Level 2.6 Earth Magic
 + Level 2.6 Poison Magic
 + Level 3.6 Invocations
 + Level 3.3 Evocations


You had 13 spell levels left.
You didn't know any spells.
Your spell library contained the following spells:

 Spells                   Type           Power      Damage    Failure   Level
 Animate Skeleton         Necr           14%        N/A       9%          1
 Apportation              Tloc           14%        N/A       9%          1
 Summon Small Mammal      Summ           28%        N/A       9%          1


Dungeon Overview and Level Annotations

Branches:
Dungeon (6/15)
 Temple: D:4-7

Altars:
Xom

Annotations:
D:6 1 transporter, kirsanium's ghost, novice DjFE


Innate Abilities, Weirdness & Mutations

You have very sharp teeth.
Your uncanny sense of smell can sniff out nearby items.
Your experience applies equally to all skills.
Your mind is acute. (Int +2)
You are covered in fur. (AC +1)
Your movements are slightly less encumbered by armour. (ER -2)


Message History

The manticore flicks its tail.
The volley of spikes is repelled.
The manticore bites you!
The manticore claws you but does no damage.
The manticore claws you.
The jelly quivers.
You hit the manticore. You freeze the manticore.
You bite the manticore, but do no damage.
The manticore is lightly wounded.
You block the manticore's attack. x2
The manticore claws you but does no damage.
The manticore bites you but does no damage.
The manticore claws you but does no damage. x2
The jelly hits you.
You are splashed with acid!
You barely miss the manticore. Your bite misses the manticore.
The manticore is lightly wounded.
You hit the jelly. You burn the jelly. The acid corrodes you!
Your hands burn!
The manticore bites you but does no damage.
The manticore misses you. The manticore barely misses you. The jelly hits you.
You are splashed with acid!
You are too injured to fight recklessly!
You are too injured to fight recklessly!
Unknown command.
You feel very mighty all of a sudden. The manticore bites you!!
* * * LOW HITPOINT WARNING * * *
The manticore misses you.
The manticore claws you but does no damage.
You block the jelly's attack.
Okay, then.
Okay, then.
You slash the jelly! You freeze the jelly.
You kill the jelly!
You hit the manticore. You freeze the manticore. The manticore bites you!
* * * LOW HITPOINT WARNING * * *
The manticore closely misses you. The manticore misses you.
You slash the manticore!
The manticore seems to grow stronger.
The manticore is moderately wounded.
You block the manticore's attack. The manticore claws you!
You die...

........#.......#
...#####.......#
...............#
.©.©...........#
########......#
$$$...W#....###
#.#..#.#....#
...##..#....# ..
#O.#.@..# .#
#H........
#.........
#.........
..........
...##...... ...
...### .... ####


You could see a manticore (strong).

Vanquished Creatures
  A wyvern (D:5)
  A steam dragon (D:6)
  An ice beast (D:5)
  A necrophage (D:4)
  A scorpion (D:5)
  A bullfrog zombie (D:5)
  2 orc priests
  A centaur zombie (D:6)
  A hound (D:5)
  3 jellies
  Ijyb (D:3)
  An iguana (D:5)
  5 orc wizards
  A killer bee zombie (D:6)
  6 adders
  7 gnolls
  An ufetubus (D:6)
  An adder skeleton (D:5)
  A worm (D:4)
  A dart slug (D:3)
  14 orcs
  6 endoplasms
  6 giant cockroaches
  15 goblins
  9 hobgoblins
  7 jackals
  3 quokkas
  9 ball pythons
  5 bats
  2 frilled lizards (D:3)
  3 kobolds (D:2)
  3 rats
120 creatures vanquished.

Vanquished Creatures (others)
  A plant (D:1)
1 creature vanquished.

Grand Total: 121 creatures vanquished

Notes
Turn   | Place    | Note
-------+----------+-------------------------------------------
     0 | D:1      | Ijustatesigmund the Gnoll Fighter began the quest for the
                  | Orb.
     0 | D:1      | Reached XP level 1. HP: 23/23 MP: 1/1
    39 | D:1      | Found a faded altar of an unknown god.
   103 | D:1      | Reached XP level 2. HP: 28/29 MP: 2/2
   591 | D:2      | Reached XP level 3. HP: 35/35 MP: 3/3
   686 | D:2      | Found a shimmering altar of Xom.
   829 | D:2      | Reached skill level 1 in Invocations
   873 | D:2      | Reached skill level 1 in Short Blades
   873 | D:2      | Reached skill level 1 in Long Blades
   873 | D:2      | Reached skill level 1 in Maces & Flails
   873 | D:2      | Reached skill level 1 in Polearms
   873 | D:2      | Reached skill level 1 in Staves
   873 | D:2      | Reached skill level 1 in Slings
   873 | D:2      | Reached skill level 1 in Bows
   873 | D:2      | Reached skill level 1 in Crossbows
   873 | D:2      | Reached skill level 1 in Throwing
   873 | D:2      | Reached skill level 1 in Dodging
   873 | D:2      | Reached skill level 1 in Stealth
   873 | D:2      | Reached skill level 1 in Unarmed Combat
   873 | D:2      | Reached skill level 1 in Spellcasting
   873 | D:2      | Reached skill level 1 in Evocations
  1000 | D:2      | Identified a scroll of acquirement
  1000 | D:2      | Acquired a +2 helmet of see invisible
  1210 | D:3      | Reached XP level 4. HP: 35/41 MP: 5/5
  1551 | D:3      | Reached skill level 1 in Conjurations
  1551 | D:3      | Reached skill level 1 in Hexes
  1551 | D:3      | Reached skill level 1 in Summonings
  1551 | D:3      | Reached skill level 1 in Necromancy
  1551 | D:3      | Reached skill level 1 in Translocations
  1551 | D:3      | Reached skill level 1 in Transmutations
  1551 | D:3      | Reached skill level 1 in Fire Magic
  1551 | D:3      | Reached skill level 1 in Ice Magic
  1551 | D:3      | Reached skill level 1 in Air Magic
  1551 | D:3      | Reached skill level 1 in Earth Magic
  1551 | D:3      | Reached skill level 1 in Poison Magic
  1943 | D:3      | Noticed Ijyb
  1964 | D:3      | Killed Ijyb
  1965 | D:3      | Reached XP level 5. HP: 12/47 MP: 5/7
  2207 | D:3      | Acquired 502 gold pieces
  2942 | D:4      | Reached XP level 6. HP: 53/53 MP: 8/8
  3001 | D:4      | Noticed a necrophage
  3021 | D:4      | Killed a necrophage
  3022 | D:4      | Reached skill level 5 in Axes
  3516 | D:5      | Entered Level 5 of the Dungeon
  3573 | D:5      | Reached XP level 7. HP: 43/59 MP: 10/10
  3710 | D:5      | Noticed a wyvern
  3714 | D:5      | Killed a wyvern
  4582 | D:5      | Reached XP level 8. HP: 67/67 MP: 12/12
  4716 | D:6      | Gained mutation: Your movements are slightly less
                  | encumbered by armour. (ER -2) [potion of mutation]
  4716 | D:6      | Gained mutation: You are covered in fur. (AC +1) [potion of
                  | mutation]
  4716 | D:6      | Gained mutation: Your mind is acute. (Int +2) [potion of
                  | mutation]
  5345 | D:6      | Found a transporter.
  5350 | D:6      | Noticed kirsanium's ghost (novice DjFE)
  5350 | D:6      | Identified the +7 dire flail "Kurrorcho" {drain, Will+ MP+9
                  | Str+4}
  5355 | D:6      | Noticed a manticore
  5364 | D:6      | Mangled by a manticore

Illustrated notes

Levels and vault maps discovered:
D:1:      doesnt_arrival_eight_statues, layout_basic,
          hellmonk_ecumenical_altar_run_dry, serial_bayou, serial_bayou_pond_d,
          serial_bayou_pond_a, serial_bayou_pond_d, serial_bayou_pond_d,
          minmay_tetromino_s4
D:2:      layout_basic, basic_altar, minmay_fractal_squares_gapless_5
D:3:      kennysheep_goblin_castle, layout_basic
D:4:      layout_loops_corners
D:5:      layout_basic, enter_ossuary_5
D:6:      layout_basic, gammafunk_ghost_smash, serial_park_tiny_2

Skill      XL: |  1  2  3  4  5  6  7  8 |
---------------+-------------------------+-----
Invocations    | 1 2 3 |  3.6
Short Blades   | 1 2 3 |  3.3
Long Blades    | 1 2 3 |  3.3
Maces & Flails | 1 2 3 |  3.3
Polearms       | 1 2 3 |  3.3
Staves         | 1 2 3 |  3.3
Slings         | 1 2 3 |  3.3
Bows           | 1 2 3 |  3.3
Crossbows      | 1 2 3 |  3.3
Throwing       | 1 2 3 |  3.3
Dodging        | 1 2 3 |  3.3
Stealth        | 1 2 3 |  3.3
Unarmed Combat | 1 2 3 |  3.3
Spellcasting   | 1 2 3 |  3.3
Evocations     | 1 2 3 |  3.3
Conjurations   | 1 2 |  2.6
Hexes          | 1 2 |  2.6
Summonings     | 1 2 |  2.6
Necromancy     | 1 2 |  2.6
Translocations | 1 2 |  2.6
Transmutations | 1 2 |  2.6
Fire Magic     | 1 2 |  2.6
Ice Magic      | 1 2 |  2.6
Air Magic      | 1 2 |  2.6
Earth Magic    | 1 2 |  2.6
Poison Magic   | 1 2 |  2.6
Axes           | 5 |  5.7
Fighting       | 7 |  7.4
Armour         | 7 |  7.4
Shields        | 7 |  7.4

Action                   |  1- 3 |  4- 6 |  7- 9 || total
-------------------------+-------+-------+-------++-------
Melee: War axe           |   105 |   177 |   102 ||   384
       Bite              |    11 |    11 |    17 ||    39
Throw: Javelin           |       |     4 |     1 ||     5
Evoke: Wand              |       |     5 |     2 ||     7
  Use: Scroll            |     8 |     5 |     4 ||    17
       Potion            |       |     2 |     2 ||     4
 Stab: Paralysed         |       |     4 |       ||     4
Armor: Scale mail        |    58 |    91 |    48 ||   197
       Steam dragon scal |       |       |    23 ||    23
Dodge: Dodged            |    48 |   118 |    54 ||   220
       Repelled          |       |     1 |     1 ||     2
Block: Buckler           |    24 |    48 |    23 ||    95

Table legend: (Time is in decaauts)
 A = Elapsed time spent in this place.
 B = Non-inter-level travel time spent in this place.
 C = Inter-level travel time spent in this place.
 D = Time resting spent in this place.
 E = Time spent auto-exploring this place.
 F = Levels seen in this place.
 G = Mean time per level.
                   A        B        C        D        E       F      G
               +--------+--------+--------+--------+--------+-----+--------+
         Total |   5472 |   5342 |    130 |    657 |   3697 |   6 |  912.0 |
       Dungeon |   5472 |   5342 |    130 |    657 |   3697 |   6 |  912.0 |
               +--------+--------+--------+--------+--------+-----+--------+

Top non-repeatable levels by time:
     D:3: 1284 daAuts
     D:5: 1205 daAuts
     D:4: 1074 daAuts
     D:6: 669 daAuts
     D:2: 630 daAuts
     D:1: 609 daAuts
